 Dungeon Crawl Stone Soup version 0.29.1-2-gbd0b4ee654 (webtiles) character file.

Game seed: 16116269630233034834

63 kyanize the Insei (level 3, 0/42 HPs)
             Began as a Draconian Transmuter on Nov 13, 2022.
             Succumbed to an adder's poison
             ... on level 2 of the Dungeon.
             The game lasted 00:06:50 (1565 turns).

kyanize the Insei (Draconian Transmuter)            Turns: 1565, Time: 00:06:50

Health: 0/42       AC: 21    Str: 12    XL:     3   Next: 89%
Magic:  6/6        EV:  2    Int: 13    God:
Gold:   73         SH:  0    Dex: 13    Spells: 3/6 levels left

rFire   . . .      SeeInvis .     - Unarmed
rCold   . . .      Faith    .   (no shield)
rNeg    . . .      Spirit   .   (body armour unavailable)
rPois   +          Reflect  .   (helmet currently unavailable)
rElec   .          Harm     .   (cloak currently unavailable)
rCorr   .          Rampage  .   (gloves currently unavailable)
Will    +....      NoTele   +   (boots currently unavailable)
Stlth   +.........              (no amulet)
HPRegen 0.14/turn               (no ring)
MPRegen 0.10/turn               (no ring)

@: lethally poisoned (0 -> -1), tree-form
A: stationary, stasis, torment immunity, boosted hp, AC +5, unfitting armour,
(cold-blooded), (fire resistance 1), strong-willed 1
a: no special abilities


You were on level 2 of the Dungeon.
You were a tree.
You visited 1 branch of the dungeon, and saw 2 of its levels.

You collected 73 gold pieces.

Inventory:

Missiles
 h - 5 stones
Magical Staves
 c - a staff of conjuration
Jewellery
 d - a ring of flight
Scrolls
 b - 3 scrolls of identify
Potions
 e - a potion of mutation
 f - a potion of brilliance


   Skills:
 + Level 1.2 Fighting
 + Level 2.1 Dodging
 + Level 0.1 Stealth
 + Level 4.0 Unarmed Combat
 + Level 2.3 Spellcasting
 + Level 2.5 Transmutations


You had 3 spell levels left.
You knew the following spells:

 Your Spells              Type           Power      Damage    Failure   Level
a - Beastly Appendage     Tmut           16%        N/A       9%          1
b - Wereblood             Tmut           8%         N/A       13%         2

Your spell library contained the following spells:

 Spells                   Type           Power      Damage    Failure   Level
 Spider Form              Tmut/Pois      4%         N/A       41%         3
 Ice Form                 Ice/Tmut       4%         N/A       82%         4


Dungeon Overview and Level Annotations

Branches:
Dungeon (2/15)

Altars:
The Shining One


Innate Abilities, Weirdness & Mutations

You are a tree.
Your roots penetrate the ground, keeping you stationary.
You cannot be teleported.
You are immune to unholy pain and torment.
Your maximum health is greatly increased.
Your equipment is partially melded.
((Your plain brown scales are hard. (AC +5)))
You cannot fit into any form of body armour.
((You are cold-blooded and may be slowed by cold attacks.))
((Your flesh is heat resistant. (rF+)))
You are strong-willed. (Will+)


Message History

* * * LOW HITPOINT WARNING * * *
The goblin shoots a sling bullet.
The sling bullet closely misses you.
The sling bullet barely misses the adder.
The adder bites you.
* * * LOW HITPOINT WARNING * * *
You are more poisoned.
The adder poisons you!
You feel better.
The goblin shoots a sling bullet.
The sling bullet misses you.
The sling bullet barely misses the adder.
The adder bites you.
* * * LOW HITPOINT WARNING * * *
You are lethally poisoned!
The adder poisons you!
You hit the adder.
You kill the adder!
* * * LOW HITPOINT WARNING * * *
You feel sick.
The goblin shoots a sling bullet.
The sling bullet completely misses you.
* * * LOW HITPOINT WARNING * * *
You feel sick.
The goblin shoots a sling bullet.
The sling bullet closely misses you.
Really quaff the potion of lignification?
Uppercase [Y]es or [N]o only, please.
Really quaff the potion of lignification?
Your horns disappear.
Your talons disappear.
You turn into a tree.
Your roots penetrate the ground.
* * * LOW HITPOINT WARNING * * *
You feel sick.
The goblin shoots a sling bullet.
The sling bullet hits you but does no damage.
You cannot move.
* * * LOW HITPOINT WARNING * * *
You feel sick.
The goblin shoots a sling bullet.
The sling bullet hits you but does no damage.
* * * LOW HITPOINT WARNING * * *
You feel sick.
The goblin shoots a sling bullet.
The sling bullet hits you but does no damage.
* * * LOW HITPOINT WARNING * * *
You feel sick.
The goblin shoots a sling bullet.
The sling bullet hits you but does no damage.
You die...

#.# #.# #.# #.# #.# .##
## #.# #.# ..#.. #.# ##
## ####.##.## ..#
#.###.####.)...g..##
### #.#.###...........#
#.#.............!.
#.#.##.._........#
#.#.##....♣.....#
#######.#.##......##.##
......#.#.######†..#
##.. .####.#.#.##.
......# ....
........#.##.###...##.#
## #..# ...##.###.##.#
##.##.###. #..# ##.##.#
#.##.# .###.#.## #..#
##.##.# #.##.# ..
.....# #.># ......# #.#
## #...# #..#


You could see a goblin.

Vanquished Creatures
  Jessica (D:2)
  An adder (D:2)
  2 worms (D:2)
  2 dart slugs (D:1)
  A giant cockroach (D:1)
  4 goblins
  A quokka (D:1)
  2 ball pythons
  3 bats
  4 frilled lizards
  2 rats
23 creatures vanquished.

Notes
Turn   | Place    | Note
-------+----------+-------------------------------------------
     0 | D:1      | kyanize the Draconian Transmuter began the quest for the
                  | Orb.
     0 | D:1      | Reached XP level 1. HP: 16/16 MP: 3/3
   322 | D:1      | Reached XP level 2. HP: 20/23 MP: 3/5
   328 | D:1      | Learned a level 2 spell: Wereblood
   541 | D:1      | Gained mutation: You are strong-willed. (Will+) [potion of
                  | mutation]
   541 | D:1      | Gained mutation: Your flesh is heat resistant. (rF+)
                  | [potion of mutation]
  1225 | D:2      | Noticed Jessica
  1234 | D:2      | Killed Jessica
  1235 | D:2      | Reached XP level 3. HP: 21/28 MP: 4/6
  1501 | D:2      | Reached skill level 4 in Unarmed Combat
  1532 | D:2      | Found a glowing golden altar of the Shining One.
  1557 | D:2      | HP: 1/28 [adder (2)]
  1563 | D:2      | HP: 2/42 [poisoned by an adder]
  1565 | D:2      | Succumbed to an adder's poison

Illustrated notes

Levels and vault maps discovered:
D:1:      lightli_arrival_statue_moat, layout_basic,
          chequers_serial_rivers_marsh, dk_noncrumbling_3, corexii_corridor_pit,
          hex_intersection
D:2:      layout_loops_ring, basic_altar, eino_curves_02, uniq_jessica

Skill      XL: |  1  2  3 |
---------------+----------+-----
Dodging        | 2 |  2.1
Unarmed Combat | 4 |  4.0
Fighting       | |  1.2
Stealth        | |  0.1
Spellcasting   | |  2.3
Transmutations | |  2.5

Action                   || total
-------------------------++-------
Melee: Unarmed           ||    72
       Kick              ||    20
       Headbutt          ||    10
       Tailslap          ||     4
       Punch             ||     3
 Cast: Beastly Appendage ||    17
  Use: Scroll            ||     3
       Potion            ||     6
Armor: Skin              ||    27
Dodge: Dodged            ||    46
